 Dungeon Crawl Stone Soup version 0.31-a0-626-g8143ab4f1d (webtiles) character file.

Game seed: 1423580576670802356

64 Dirtsage the Changeling (level 4, 0/28 HPs)
             Began as an Octopode Shapeshifter on Aug 24, 2023.
             Succumbed to an adder's poison
             ... on level 4 of the Dungeon on Aug 25, 2023.
             The game lasted 00:02:28 (1338 turns).

Dirtsage the Changeling (Octopode Shapeshifter)     Turns: 1338, Time: 00:02:28

Health: 0/28       AC:  1    Str: 11 (14) XL:     4   Next: 12%
Magic:  4/4        EV: 13    Int: 11 (12) God:
Gold:   92         SH:  0    Dex: 11 (12) Spells: 3/3 levels left

rFire   + .          .
                       - Unarmed
rCold   + . .        (no shield)
rNeg    . . .        (helmet currently unavailable)
rPois   +            (no amulet)
rElec   +            i - ring of willpower
rCorr   +            (no ring)
SInv    .            (no ring)
Will    +....        (no ring)
Stlth   ++           (no ring)
HPRegen 0.24/turn    (no ring)
MPRegen 0.09/turn    (no ring)
                     (no ring)

%: no passive effects
@: lethally poisoned (0 -> -1), beast-form, resistant
A: beast (slay +2), almost no armour, amphibious, 8 rings, camouflage 1,
gelatinous body 1, (nimble swimmer 1), tentacles
a: Begin Untransformation


You were on level 4 of the Dungeon.
You were a hulking beast.
You visited 1 branch of the dungeon, and saw 4 of its levels.

You collected 92 gold pieces.

Inventory:

Jewellery
 i - a ring of willpower (left tentacle)
Talismans
 b - a beast talisman (active)
 c - a flux talisman
Scrolls
 d - a scroll of enchant weapon {unknown}
 f - a scroll of teleportation {unknown}
 g - 6 scrolls of identify {unknown}
Potions
 a - a potion of lignification
 e - a potion of might {unknown}
 h - a potion of attraction {unknown}
 n - a potion of resistance


   Skills:
 - Level 1.0 Fighting
 - Level 2.0 Dodging
 + Level 3.7 Unarmed Combat
 * Level 4.1 Shapeshifting


You had 3 spell levels left.
You didn't know any spells.
Your spell library contained the following spells:

 Spells                   Type           Power      Damage    Failure   Level
 Magic Dart               Conj           0%         1d3       34%         1
 Searing Ray              Conj           0%         2d4       47%         2
 Fulminant Prism          Conj/Hex       0%         3d5       98%         4


Dungeon Overview and Level Annotations

Branches:
Dungeon (4/15)
 Temple: D:4-7

Altars:
Sif Muna


Innate Abilities, Weirdness & Mutations

You are a hulking beast.
Your limbs bulge with bestial killing power. (Slay +2)
You cannot wear most types of armour.
You are amphibious.
You can wear up to eight rings at the same time.
Your skin changes colour to match your surroundings (Stealth+).
Your rubbery body absorbs attacks. (AC +1, EV +1)
((You are camouflaged when in or above water. (Stealth+)))
You have tentacles for arms and can constrict up to eight enemies at once.


Message History

* * * LOW HITPOINT WARNING * * *
You take 9 damage, and have 5/23 hp.
MASSIVE DAMAGE!!
You tentacle-slap the worm.
You kill the worm!
The adder barely misses you.
You miss the adder. Your grab misses the adder. The adder barely misses you.
You tentacle-slap the adder. You grab the adder. Your squeeze misses the adder.
The adder is lightly wounded.
You constrict the adder, but do no damage.
The adder bites you.
* * * LOW HITPOINT WARNING * * *
You are lethally poisoned!
The adder poisons you!
You take 2 damage, and have 4/23 hp.
You completely miss the adder. You squeeze the adder.
The adder is heavily wounded.
You constrict the adder.
* * * LOW HITPOINT WARNING * * *
You feel sick. The adder bites you.
* * * LOW HITPOINT WARNING * * *
The adder barely misses you.
You take 2 damage, and have 2/23 hp.
You tentacle-slap the adder.
The adder is almost dead.
You constrict the adder.
You kill the adder!
* * * LOW HITPOINT WARNING * * *
You feel sick.
You have reached level 4!
MP restored: 4 It was a potion of resistance.
You feel protected.
n - a potion of resistance
* * * LOW HITPOINT WARNING * * *
You feel sick.
You take 1 damage, and have 1/28 hp.
It was a potion of degeneration.
There was something very wrong with that liquid.
You feel weakened.
You feel dopey.
You feel clumsy.
You die...

#. #.# #S# #.# # #.#
.# #.# #.##
#.####.##...#
#......†h.#. ..#
######.##...# #.#
#.# #.## #.# #.# #.#
#.# #.###.## #.# ###
#.##...###.# ...
#.#.....##.####.####
#.......>...........
###.................


There were no monsters in sight!

Vanquished Creatures
  3 adders
  2 worms
  3 bats
  An endoplasm (D:2)
  A giant cockroach (D:2)
  3 goblins (D:2)
  5 hobgoblins
  6 kobolds (D:1)
  A quokka (D:2)
  2 ball pythons
  2 frilled lizards (D:1)
  2 rats (D:1)
31 creatures vanquished.

Notes
Turn   | Place    | Note
-------+----------+-------------------------------------------
     0 | D:1      | Dirtsage the Octopode Shapeshifter began the quest for the
                  | Orb.
     0 | D:1      | Reached XP level 1. HP: 13/13 MP: 1/1
   256 | D:1      | Reached XP level 2. HP: 18/18 MP: 2/2
   941 | D:2      | Reached XP level 3. HP: 22/23 MP: 3/3
  1182 | D:2      | Reached skill level 4 in Shapeshifting
  1241 | D:2      | You fall into a shaft and drop 1 floor!
  1241 | D:3      | Found a shimmering blue altar of Sif Muna.
  1336 | D:4      | HP: 1/23 [poisoned by an adder]
  1337 | D:4      | Reached XP level 4. HP: 2/28 MP: 4/4
  1338 | D:4      | Succumbed to an adder's poison

Illustrated notes

Levels and vault maps discovered:
D:1:      evilmike_arrival_rings, layout_basic, lexackson_kobold_supper
D:2:      layout_loops_cross, basic_altar
D:3:      layout_basic, nicolae_overflow_hidden_temple,
          mainiacjoe_overflow_paths, minmay_misc_feat_diagonals, uniq_terence
D:4:      layout_loops_ring

Skill      XL: |  1  2  3 |
---------------+----------+-----
Shapeshifting  | 4 |  4.1
Fighting       | |  1.0
Dodging        | |  2.0
Unarmed Combat | |  3.7

Action                     |  1- 3 |  4- 6 || total
---------------------------+-------+-------++-------
  Melee: Unarmed           |    65 |       ||    65
         Constrict         |    16 |       ||    16
         Tentacles         |    11 |       ||    11
         Punch             |     1 |       ||     1
    Use: Potion            |       |     2 ||     2
   Stab: Sleeping          |     5 |       ||     5
 Armour: Skin              |     5 |       ||     5
  Dodge: Dodged            |    38 |       ||    38

Table legend: (Time is in decaauts)
 A = Elapsed time spent in this place.
 B = Non-inter-level travel time spent in this place.
 C = Inter-level travel time spent in this place.
 D = Time resting spent in this place.
 E = Time spent auto-exploring this place.
 F = Levels seen in this place.
 G = Mean time per level.
                   A        B        C        D        E       F      G
               +--------+--------+--------+--------+--------+-----+--------+
         Total |   1333 |   1298 |     35 |     26 |   1080 |   4 |  333.2 |
       Dungeon |   1333 |   1298 |     35 |     26 |   1080 |   4 |  333.2 |
               +--------+--------+--------+--------+--------+-----+--------+

Top non-repeatable levels by time:
     D:1: 734 daAuts
     D:2: 502 daAuts
     D:4: 85 daAuts
     D:3: 10 daAuts
